 Dungeon Crawl Stone Soup version 0.31-a0-38-g1548c4f2a5 (webtiles) character file.

Game seed: 10846582013856918466

52 frimble the Slasher (level 3, -1/31 HPs)
             Began as a Gnoll Reaver on May 16, 2023.
             Slain by a mummy (11 damage)
             ... in an ossuary.
             The game lasted 00:01:24 (1001 turns).

frimble the Slasher (Gnoll Reaver)                  Turns: 1001, Time: 00:01:24

Health: -1/31      AC:  3    Str: 11    XL:     3   Next: 85%
Magic:  7/9        EV: 12    Int: 14    God:
Gold:   59         SH:  0    Dex: 10    Spells: 8/12 levels left

rFire   . . .        a - +0 falchion
rCold   . . .        (no shield)
rNeg    . . .        b - +0 leather armour
rPois   .            (no helmet)
rElec   .            (no cloak)
rCorr   .            (no gloves)
SInv    .            (no boots)
Will    .....        (no amulet)
Stlth   +            (no ring)
HPRegen 0.25/turn    (no ring)
MPRegen 0.11/turn

%: no passive effects
@: no status effects
A: fangs 1, strong nose, distributed training
a: no special abilities


You were in an ossuary.
You visited 1 branch of the dungeon, and saw 3 of its levels.
You also visited: Ossuary.

You collected 59 gold pieces.

Inventory:

Hand Weapons
 a - a +0 falchion (weapon)
Armour
 b - a +0 leather armour (worn)
Wands
 c - a wand of digging (7)
Scrolls
 d - a scroll of fog
 e - a scroll of immolation
 f - a scroll of enchant weapon


   Skills:
 + Level 4.6 Fighting
 + Level 1.0 Short Blades
 + Level 6.5 Long Blades
 + Level 1.0 Axes
 + Level 1.0 Maces & Flails
 + Level 1.0 Polearms
 + Level 1.0 Staves
 + Level 1.0 Ranged Weapons
 + Level 1.0 Throwing
 + Level 1.0 Armour
 + Level 4.6 Dodging
 + Level 1.0 Stealth
 + Level 1.0 Shields
 + Level 1.0 Unarmed Combat
 + Level 5.0 Spellcasting
 + Level 5.4 Conjurations
 + Level 0.7 Hexes
 + Level 0.7 Summonings
 + Level 0.7 Necromancy
 + Level 0.7 Translocations
 + Level 0.7 Transmutations
 + Level 0.7 Fire Magic
 + Level 0.7 Ice Magic
 + Level 0.7 Air Magic
 + Level 0.7 Earth Magic
 + Level 0.7 Poison Magic
 + Level 1.1 Invocations
 + Level 1.0 Evocations


You had 8 spell levels left.
You knew the following spells:

 Your Spells              Type           Power      Damage    Failure   Level
a - Kiss of Death         Conj/Necr      48%        2d9       6%          1
b - Hailstorm             Conj/Ice       12%        3d5       19%         3

Your spell library contained the following spells:

 Spells                   Type           Power      Damage    Failure   Level
 Momentum Strike          Conj/Tloc      24%        3d8       10%         2


Dungeon Overview and Level Annotations

Branches:
Dungeon (2/15)            Ossuary (1/1)

Altars:


Innate Abilities, Weirdness & Mutations

You have very sharp teeth.
Your uncanny sense of smell can sniff out nearby items.
Your experience applies equally to all skills.


Message History

The mummy is heavily damaged.
The hail pelts the mummy!
The mummy partially resists.
The mummy is moderately damaged.
You barely miss the orc zombie.
The orc zombie is almost destroyed.
The orc zombie barely misses you.
You hit the orc zombie.
You destroy the orc zombie!
You hit the mummy. You bite the mummy, but do no damage.
The mummy is severely damaged.
The mummy hits you but does no damage.
You hit the mummy.
The mummy is almost destroyed.
The mummy hits you!
Ouch! That really hurt!
You hit the mummy.
You destroy the mummy!
The mummy barely misses you.
Your Short Blades skill increases to level 1!
Your Axes skill increases to level 1!
Your Maces & Flails skill increases to level 1!
Your Polearms skill increases to level 1!
Your Staves skill increases to level 1!
Your Ranged Weapons skill increases to level 1!
Your Throwing skill increases to level 1!
Your Armour skill increases to level 1!
Your Stealth skill increases to level 1!
Your Shields skill increases to level 1!
Your Unarmed Combat skill increases to level 1!
Your Evocations skill increases to level 1!
You barely miss the mummy.
The mummy is moderately damaged.
The mummy hits you.
* * * LOW HITPOINT WARNING * * *
You hit the mummy.
The mummy is severely damaged.
You hit the mummy.
The mummy is almost destroyed.
The mummy hits you!
You die...

.MM....#
......#
#....#
#....#
∆∆
#....#
∆∆
#....#
∆∆
#....# ∆
∆∆
#M...# ∆
∆∆∆
#@...#
∆∆ ∆∆
#....# ∆
∆∆
#.∩∩.#
∆∆
######


You could see a mummy.

Vanquished Creatures
  2 mummies
  A worm (D:2)
  2 ball pythons (D:1)
  4 bats (D:1)
  2 goblins
  3 hobgoblins
  A frilled lizard (D:1)
  A gnoll zombie (Ossuary)
  3 hobgoblin zombies (Ossuary)
  3 kobolds
  A kobold zombie (Ossuary)
  An orc zombie (Ossuary)
  3 rats
27 creatures vanquished.

Notes
Turn   | Place    | Note
-------+----------+-------------------------------------------
     0 | D:1      | frimble the Gnoll Reaver began the quest for the Orb.
     0 | D:1      | Reached XP level 1. HP: 20/20 MP: 6/6
     0 | D:1      | Noticed a barachi
     0 | D:1      | Noticed a draconian
     6 | D:1      | Noticed a ghoul
    11 | D:1      | Noticed a formicid
    13 | D:1      | Noticed a barachi
    13 | D:1      | Noticed a minotaur skeleton
    15 | D:1      | Noticed a vampire
    17 | D:1      | Noticed a minotaur
   212 | D:1      | Reached XP level 2. HP: 26/26 MP: 7/7
   553 | D:1      | Found a faded altar of an unknown god.
   819 | D:2      | Reached skill level 5 in Spellcasting
   819 | D:2      | Reached XP level 3. HP: 27/31 MP: 7/9
   838 | D:2      | You fall into a shaft and drop 2 floors!
   865 | D:4      | Found a sand-covered staircase.
   874 | D:4      | Reached skill level 1 in Invocations
   877 | Ossuary  | Entered an ossuary
   990 | Ossuary  | Learned a level 3 spell: Hailstorm
   999 | Ossuary  | Reached skill level 1 in Short Blades
   999 | Ossuary  | Reached skill level 1 in Axes
   999 | Ossuary  | Reached skill level 1 in Maces & Flails
   999 | Ossuary  | Reached skill level 1 in Polearms
   999 | Ossuary  | Reached skill level 1 in Staves
   999 | Ossuary  | Reached skill level 1 in Ranged Weapons
   999 | Ossuary  | Reached skill level 1 in Throwing
   999 | Ossuary  | Reached skill level 1 in Armour
   999 | Ossuary  | Reached skill level 1 in Stealth
   999 | Ossuary  | Reached skill level 1 in Shields
   999 | Ossuary  | Reached skill level 1 in Unarmed Combat
   999 | Ossuary  | Reached skill level 1 in Evocations
  1001 | Ossuary  | Slain by a mummy

Illustrated notes

Levels and vault maps discovered:
D:1:      shiori_arrival_whats_in_store_for_you, layout_loops_ring,
          dreamdust_ecumenical_altar_angels_and_demons
D:2:      layout_loops_ring, basic_altar, serial_shops,
          nicolae_shop_pleasant_corner_grove
D:4:      kennysheep_kobold_camp, layout_basic, nicolae_ossuary_entry_giza,
          st_stairs_9
Ossuary:  ossuary_tomb_3

Skill      XL: |  1  2  3 |
---------------+----------+-----
Spellcasting   | 5 |  5.0
Invocations    | 1 |  1.1
Short Blades   | 1 |  1.0
Axes           | 1 |  1.0
Maces & Flails | 1 |  1.0
Polearms       | 1 |  1.0
Staves         | 1 |  1.0
Ranged Weapons | 1 |  1.0
Throwing       | 1 |  1.0
Armour         | 1 |  1.0
Stealth        | 1 |  1.0
Shields        | 1 |  1.0
Unarmed Combat | 1 |  1.0
Evocations     | 1 |  1.0
Fighting       | |  4.6
Long Blades    | |  6.5
Dodging        | |  4.6
Conjurations   | |  5.4
Hexes          | |  0.7
Summonings     | |  0.7
Necromancy     | |  0.7
Translocations | |  0.7
Transmutations | |  0.7
Fire Magic     | |  0.7
Ice Magic      | |  0.7
Air Magic      | |  0.7
Earth Magic    | |  0.7
Poison Magic   | |  0.7

Action                     || total
---------------------------++-------
  Melee: Falchion          ||    72
         Bite              ||     8
         Punch             ||     1
   Cast: Hailstorm         ||     1
    Use: Scroll            ||     3
   Stab: Sleeping          ||     1
         Distracted        ||     1
 Armour: Leather armour    ||    12
  Dodge: Dodged            ||    46

Table legend: (Time is in decaauts)
 A = Elapsed time spent in this place.
 B = Non-inter-level travel time spent in this place.
 C = Inter-level travel time spent in this place.
 D = Time resting spent in this place.
 E = Time spent auto-exploring this place.
 F = Levels seen in this place.
 G = Mean time per level.
                   A        B        C        D        E       F      G
               +--------+--------+--------+--------+--------+-----+--------+
         Total |    998 |    974 |     24 |     30 |    728 |   4 |  249.5 |
       Dungeon |    875 |    851 |     24 |      0 |    702 |   3 |  291.7 |
       Ossuary |    123 |    123 |      0 |     30 |     26 |   1 |  123.0 |
               +--------+--------+--------+--------+--------+-----+--------+

Top non-repeatable levels by time:
     D:1: 722 daAuts
 Ossuary: 123 daAuts
     D:2: 114 daAuts
     D:4: 38 daAuts
